cohdb
Replays
Latest Replays
All Replays
Popular Replays
Top Player Replays
Match Explorer
How It Works
Community
CoH3 Stats
Reddit
Sign in to upload your games and track your stats! →
Sign in with Steam
Match 42789464
Unlisted
Match 42789464
Overview
Messages
Build Orders
End
Panzergrenadier Squad
Selects Battlefield Espionage Battlegroup
Kradschützen Motorcycle Team
Panzergrenadier Squad
Panzergrenadier Squad
Selects Intel Disruption Beacon
Construct Light Support Kompanie
Fire Support Elements
Pak 38 Mechanized Group
Flakvierling Half-track
Selects 250/3 Funkpanzerwagen
2.5-tonne Medical Truck
MG34 Team
Selects Transfer Depots
Forward Retreat Point
Construct Panzerarmee Kommand
Veteran Squad Leaders
Selects Anti-Tank Incendiary Munitions
Panzer III L Medium Tank
Pak 38 Mechanized Group
Vehicle Survival Package
Panzer III L Medium Tank
Selects Firestorm
Firestorm
[82AD] PaulVmax
nacke
FloppyBob
İmperial Star Destroyer
[TW]克特
GhettoSQG
OhGuy
Balzeal
0
0
Comments
sign in to comment!
No comments posted yet!